 Dungeon Crawl Stone Soup version 0.17.1-2-g5865329 (webtiles) character file.

908 kaze the Ducker (level 7, -3/70 HPs)
             Began as a Troll Berserker on Jan 20, 2016.
             Was an Elder of Trog.
             Killed from afar by Dowan (14 damage)
             ... with a stone arrow
             ... on level 6 of the Dungeon.
             The game lasted 00:17:51 (3076 turns).

kaze the Ducker (Troll Berserker)                   Turns: 3076, Time: 00:17:51

Health: -3/70      AC:  5    Str: 28    XL:     7   Next: 81%
Magic:  6/6        EV: 11    Int:  3    God:    Trog [****..]
Gold:   178        SH:  0    Dex:  9    Spells: 0 memorised, 6 levels left

rFire  . . .     SeeInvis .       - Unarmed
rCold  . . .     Clarity  .     a - +0 animal skin
rNeg   . . .     SustAt   .     (no shield)
rPois  .         Gourm    +     (helmet restricted)
rElec  .         Spirit   .     (no cloak)
rCorr  .         Warding  .     (gloves unavailable)
rMut   .         Stasis   .     (boots unavailable)
MR     .....                    i - amulet of faith
Stlth  ..........               (no ring)
                                m - ring of loudness (curse)

@: not resistant to hostile enchantments, extremely unstealthy
A: unfitting armour, claws 3, fast metabolism 3, gourmand, regeneration 2,
shaggy fur 1, tough skin 2
a: Berserk, Trog's Hand, Brothers in Arms, Burn Spellbooks, Renounce Religion


You were on level 6 of the Dungeon.
You worshipped Trog.
Trog was greatly pleased with you.
You were not hungry.

You visited 1 branch of the dungeon, and saw 6 of its levels.

You collected 178 gold pieces.

Inventory:

Hand Weapons
 c - a +1 shortbow of flaming
Missiles
 d - 117 arrows (quivered)
Armour
 a - a +0 animal skin (worn)
Jewellery
 i - an amulet of faith (around neck)
 m - a cursed ring of loudness (left claw)
Wands
 k - a wand of confusion (14)
 r - a wand of teleportation (4)
 u - a wand of frost (10)
Scrolls
 g - a scroll of remove curse
 j - a scroll of blinking
 p - a scroll of random uselessness {unknown}
 q - a scroll of fear {unknown}
 s - a scroll of fog
 v - a scroll of teleportation
 w - a scroll of amnesia {unknown}
 x - a scroll of magic mapping {unknown}
Potions
 e - a potion of invisibility
 f - 2 potions of degeneration {unknown}
 l - a potion of beneficial mutation {unknown}
 n - a potion of might {unknown}
 o - a potion of brilliance {unknown}
 t - a potion of ambrosia {unknown}
Comestibles
 b - 3 bread rations
 h - 2 fruits


   Skills:
 + Level 4.2 Fighting
 + Level 6.0 Dodging
 + Level 0.6 Stealth
 + Level 5.0 Unarmed Combat


You had 6 spell levels left.
You didn't know any spells.

Dungeon Overview and Level Annotations

Branches:
Dungeon (6/15)             Temple (0/1) D:4

Altars:
Makhleb
Nemelex Xobeh
Xom

Annotations:
D:6 Dowan


Innate Abilities, Weirdness & Mutations

You are too large for most types of armour.
You have claws for hands.
Your metabolism is lightning-fast.
You like to eat raw meat.
You heal very quickly.
You are covered in fur (AC +1).
You have very tough skin (AC +2).


Message History

Dowan hits you with a dagger. x2
* * * LOW HITPOINT WARNING * * *
You claw Dowan!
Dowan is heavily wounded.
Dowan hits you with a dagger.
* * * LOW HITPOINT WARNING * * *
You barely miss Dowan.
Dowan is heavily wounded.
Dowan hits you but does no damage.
You barely miss Dowan.
Dowan is heavily wounded.
Dowan is no longer moving quickly.
Dowan hits you but does no damage. Dowan gestures at you while chanting.
The stone arrow hits you!
* * * LOW HITPOINT WARNING * * *
You closely miss Dowan.
Dowan is heavily wounded.
Dowan casts a spell at you. The stone arrow hits you!
You die...

### .# #.. .# #.# ##+# .#
#.# #...# .# #.. .....#
###.# #.. ......# ##...#
#..
.......####...###########
.......)@e...............
.......####...###########
......# ##..# #.. .....#
##... #.# #.^.# ###.# #.#
##+# .# #.. # ### # #


You could see Dowan.

Vanquished Creatures
  A water moccasin (D:5)
  Duvessa (D:6)
  A centaur (D:3)
  2 ogres (D:4)
  6 hounds
  2 orc wizards (D:4)
  A giant frog zombie (D:5)
  An orc priest (D:4)
  Jessica (D:3)
  A worker ant (D:5)
  3 adders
  An adder zombie (D:5)
  An ooze (D:3)
  A worm (D:4)
  10 orcs
  6 giant cockroaches
  4 goblins
  A hobgoblin (D:1)
  6 jackals (D:5)
  4 quokkas
  8 bats
  7 giant newts
  A jackal skeleton (D:5)
  4 kobolds
  3 rats
77 creatures vanquished.

Notes
Turn   | Place    | Note
--------------------------------------------------------------
     0 | D:1      | kaze the Troll Berserker began the quest for the Orb.
     0 | D:1      | Reached XP level 1. HP: 22/22 MP: 0/0
   128 | D:1      | Reached XP level 2. HP: 29/29 MP: 1/1
   539 | D:2      | Found a faded altar to an unknown god.
   588 | D:2      | Reached ** piety under Trog
   760 | D:3      | Reached XP level 3. HP: 33/36 MP: 2/2
   763 | D:3      | Noticed Jessica
   766 | D:3      | Found a shimmering altar of Xom.
   774 | D:3      | Killed Jessica
   789 | D:3      | Found a shimmering altar of Xom.
   969 | D:3      | Reached XP level 4. HP: 28/44 MP: 3/3
  1067 | D:3      | Noticed a centaur
  1084 | D:3      | Killed a centaur
  1084 | D:3      | Reached skill level 4 in Dodging
  1084 | D:3      | Reached XP level 5. HP: 4/53 MP: 4/4
  1241 | D:3      | Found a burning altar of Makhleb.
  1473 | D:4      | Reached *** piety under Trog
  1504 | D:4      | Found a staircase to the Ecumenical Temple.
  1784 | D:4      | Noticed an ogre
  1797 | D:4      | Killed an ogre
  1797 | D:4      | Reached XP level 6. HP: 5/61 MP: 5/5
  1821 | D:4      | Found a sparkling altar of Nemelex Xobeh.
  1980 | D:4      | Noticed an ogre
  2002 | D:4      | Killed an ogre
  2002 | D:4      | Reached skill level 5 in Dodging
  2028 | D:5      | Entered Level 5 of the Dungeon
  2181 | D:5      | Noticed a water moccasin
  2199 | D:5      | Killed a water moccasin
  2199 | D:5      | Reached XP level 7. HP: 19/68 MP: 6/6
  2937 | D:6      | Reached **** piety under Trog
  3045 | D:6      | Noticed Duvessa
  3045 | D:6      | Noticed Dowan
  3055 | D:6      | Killed Duvessa
  3055 | D:6      | Reached skill level 6 in Dodging
  3055 | D:6      | Reached skill level 5 in Unarmed Combat
  3076 | D:6      | Killed from afar by Dowan

Action                   |  1- 3 |  4- 6 |  7- 9 || total
-------------------------+-------+-------+-------++-------
Melee: Unarmed           |    98 |   102 |    88 ||   288
Invok: Berserk           |       |     1 |       ||     1
       Trog's Hand       |       |     1 |       ||     1
  Use: Scroll            |     1 |     5 |       ||     6
  Eat: Chunk             |     5 |    11 |     5 ||    21
       Pizza             |     1 |     1 |       ||     2
       Fruit             |       |     3 |       ||     3
       Beef jerky        |       |     1 |       ||     1
